AoeStats
← Daniel5ds

Black Forest

508054516Analyzed
2v2 RM · 13d ago on Sep 20, 2026· 52m 37s· 4 players
Game mode
Random Map
Map size
Medium (4 player)
Population
200
Speed
Normal
Resources
Standard
Victory
Conquest
Starting age
Dark Age
Ending age
Imperial Age
RankedLock teamsTeams togetherTeam positionsShared explorationLock speedFull tech treeHidden civsTurbo modeCheats
Victory
Defeat
🇪🇸 Maya · Spain
792
+15
🇦🇷 Franks · Argentina
733
+18
🇪🇨 Huns · Ecuador
826
-52
🇪🇨 Khmer · Ecuador
724
-32
nene
5:52 Loom
10:54 Feudal Age
13:29 Wheelbarrow
20:30 Castle Age
20:01 Scale Barding Armor
19:57 Scale Mail Armor
19:58 Padded Archer Armor
19:48 Fletching
20:15 Stone Mining
21:38 Gold Mining
22:06 Double-Bit Axe
26:35 Bow Saw
28:36 Gold Shaft Mining
32:08 Imperial Age
30:01 Hand Cart
29:58 Town Watch
31:20 Husbandry
30:40 Light Cavalry
31:39 Leather Archer Armor
31:19 Bodkin Arrow
31:45 Chain Barding Armor
31:41 Chain Mail Armor
31:36 Forging
32:10 #83
33:16 Cavalier
36:01 Plate Barding Armor
36:00 Plate Mail Armor
36:05 Plate Barding Armor
36:40 Chemistry
36:00 Ballistics
35:36 Murder Holes
35:52 Fortified Wall
35:12 Elite Throwing Axeman
35:30 Paladin
40:06 Iron Casting
39:44 Masonry
39:39 Siege Engineers
44:05 Caravan
ander.bioesc
1:14 Loom
12:43 Feudal Age
16:11 Double-Bit Axe
16:32 Horse Collar
22:43 Castle Age
20:46 Stone Mining
23:42 Bow Saw
24:30 Town Watch
24:43 Gold Mining
26:11 Forging
31:34 Fletching
37:09 Iron Casting
38:12 Pikeman
38:53 Squires
42:39 Wheelbarrow
49:27 Imperial Age
50:55 Conscription
Daniel5ds
10:47 Feudal Age
15:09 Double-Bit Axe
20:52 Horse Collar
27:46 Castle Age
26:06 Forging
27:53 Fletching
28:33 Padded Archer Armor
29:00 Man-at-Arms
30:19 Iron Casting
33:24 Bow Saw
35:05 Heavy Plow
36:59 Scale Mail Armor
37:09 Scale Barding Armor
39:50 Bloodlines
40:56 Scale Mail Armor
41:35 Gold Mining
43:10 Fortified Wall
44:43 Chain Barding Armor
45:30 Loom
46:59 Masonry
47:11 Ballistics
48:35 Pikeman
Mario
11:01 Feudal Age
13:10 Double-Bit Axe
15:41 Loom
17:44 Horse Collar
20:01 Scale Barding Armor
19:57 Scale Mail Armor
20:46 Bloodlines
25:36 Castle Age
24:46 Gold Mining
24:47 Stone Mining
26:24 Forging
26:06 Arson
26:22 Squires
25:43 Pikeman
26:28 Husbandry
27:15 Light Cavalry
29:12 Chain Mail Armor
30:21 Heavy Plow
33:07 Iron Casting
37:06 Chain Barding Armor
38:24 Wheelbarrow
39:50 Caravan
Connection lost

Rejoining the realm…

Still unreachable

The connection could not be restored.

Session expired

The server has moved on; the page needs a fresh start.